 Dungeon Crawl Stone Soup version 0.23.1 (webtiles) character file.

Game seed: 4027499070905943860

102 Borgoz the Sneak (level 4, 0/35 HPs)
             Began as a Ghoul Enchanter on Mar 14, 2019.
             Killed from afar by Natasha (6 damage)
             ... with a magic dart
             ... on level 2 of the Dungeon.
             The game lasted 00:04:14 (1364 turns).

Borgoz the Sneak (Ghoul Enchanter)                  Turns: 1364, Time: 00:04:15

Health: 0/35       AC:  2    Str: 16    XL:     4   Next: 77%
Magic:  1/6        EV: 12    Int: 10    God:
Gold:   70         SH:  0    Dex: 10    Spells: 4/7 levels left

rFire    . . .     SeeInvis .   a - +3 dagger
rCold    + . .     Gourm    .   (no shield)
rNeg     + + +     Faith    .   b - +0 robe
rPois    ∞         Spirit   .   (no helmet)
rElec    .         Reflect  .   (no cloak)
rCorr    .         Harm     .   (no gloves)
MR       .....                  (no boots)
Stlth    ++........             (no amulet)
HPRegen  0.00/turn              i - +5 ring of strength
MPRegen  0.10/turn              (no ring)

@: rotting, slowed, very slow
A: rotting body, claws 1, carnivore, cold resistance 1, negative energy
resistance 3, inhibited regeneration, torment resistance, unbreathing
a: no special abilities


You were on level 2 of the Dungeon.
You were not hungry.

You visited 1 branch of the dungeon, and saw 2 of its levels.

You collected 70 gold pieces.

Inventory:

Hand Weapons
 a - a +3 dagger (weapon)
Armour
 b - a +0 robe (worn)
Jewellery
 i - a +5 ring of strength (left claw)
Wands
 j - a wand of polymorph (8)
Scrolls
 c - 3 scrolls of remove curse
 e - a scroll of fear
 g - a scroll of fog
 h - a scroll of blinking
 m - a scroll of teleportation {unknown}
Potions
 k - a potion of curing
 l - a potion of ambrosia {unknown}
Comestibles
 d - a ration


   Skills:
 + Level 1.2 Fighting
 * Level 1.9 Short Blades
 * Level 2.6 Dodging
 + Level 3.6 Stealth
 + Level 2.0 Spellcasting
 * Level 3.0 Hexes


You had 4 spell levels left.
You knew the following spells:

 Your Spells              Type           Power        Failure   Level  Hunger
a - Corona                Hex            #......      9%          1    ##.....
b - Ensorcelled Hibernat  Hex/Ice        #.....       26%         2    ###....

Your spell library contained the following spells:

 Spells                   Type           Power        Failure   Level  Hunger
 Confuse                  Hex            #.......     26%         3    ####...
 Tukima's Dance           Hex            #.......     26%         3    ####...
 Dazzling Spray           Conj/Hex       #.....       45%         3    ####...


Dungeon Overview and Level Annotations

Branches:
Dungeon (2/15)

Altars:

Annotations:
D:2 Natasha


Innate Abilities, Weirdness & Mutations

Your body is rotting away.
You thrive on raw meat.
You are immune to poison.
You have sharp fingernails.
You are carnivorous and can eat meat at any time.
Your flesh is cold resistant. (rC+)
You are immune to negative energy. (rN+++)
You do not regenerate when monsters are visible.
You are immune to unholy pain and torment.
You can survive without breathing.


Message History

Aim: Natasha, carrying a wand of random effects (7) (chance to defeat MR: 36%) Natasha easily resists.
Natasha barely misses you.
You barely miss Natasha. Natasha claws you! Natasha claws you.
You hit Natasha but do no damage. Natasha closely misses you.
Eat one of 3 chunks of flesh? (ye/n/q)
You eat one of the 3 chunks of flesh.
This raw flesh tastes great!
Natasha casts a spell at you. The magic dart hits you!
* * * LOW HITPOINT WARNING * * *
Eat one of 2 chunks of flesh? (ye/n/q)
You eat one of the 2 chunks of flesh.
This raw flesh tastes great!
Natasha claws you!
* * * LOW HITPOINT WARNING * * *
Natasha claws you.
* * * LOW HITPOINT WARNING * * *
Eat a chunk of flesh? (ye/n/q)
You eat the chunk of flesh.
This raw flesh tastes great!
Natasha casts a spell at you. The magic dart hits you.
You die...

##############
#............#
####.##...#####.#
#.....'....h@...#
#.##.##...####(.#
#.##.##...# #(.#
#.##.##...# #.(#
#.##.##...####..##
##
#.##.##...##....)#
#.
#.##.##...##.....#
#.
#.##.#######.....#
#. #.##.# #.....#
#.


You could see Natasha.

Vanquished Creatures
  Natasha (D:2)
  A gnoll (D:1)
  An adder (D:2)
  3 oozes
  A worm (D:2)
  A dart slug (D:1)
  3 giant cockroaches (D:1)
  2 goblins
  5 hobgoblins
  A quokka (D:2)
  7 bats
  A frilled lizard (D:1)
  6 kobolds (D:1)
  11 rats
44 creatures vanquished.

Notes
Turn   | Place    | Note
-------+----------+-------------------------------------------
     0 | D:1      | Borgoz the Ghoul Enchanter began the quest for the Orb.
     0 | D:1      | Reached XP level 1. HP: 14/14 MP: 2/2
    70 | D:1      | Reached skill level 1 in Short Blades
   170 | D:1      | Reached XP level 2. HP: 16/20 MP: 3/3
   443 | D:2      | Learned a level 2 spell: Ensorcelled Hibernation
   502 | D:1      | Reached XP level 3. HP: 24/27 MP: 4/4
   850 | D:1      | Reached skill level 1 in Fighting
  1147 | D:2      | Reached XP level 4. HP: 30/35 MP: 2/5
  1329 | D:2      | Noticed Natasha
  1336 | D:2      | Killed Natasha
  1353 | D:2      | Noticed Natasha
  1363 | D:2      | HP: 1/35 [Natasha (5)]
  1364 | D:2      | Killed from afar by Natasha

Skill      XL: |  1  2  3  4 |
---------------+-------------+-----
Short Blades   | 1 |  1.9
Dodging        | 2 |  2.6
Fighting       | 1 |  1.2
Spellcasting   | 2 |  2.0
Hexes          | 3 |  3.0
Stealth        | |  3.6

Action                   |  1- 3 |  4- 6 || total
-------------------------+-------+-------++-------
Melee: Dagger            |    90 |    28 ||   118
 Cast: Corona            |     1 |       ||     1
       Ensorcelled Hiber |     3 |     3 ||     6
  Use: Scroll            |     4 |     1 ||     5
       Potion            |     2 |       ||     2
 Stab: Sleeping          |     8 |     2 ||    10
  Eat: Chunk             |    13 |     4 ||    17
Armor: Robe              |    22 |     9 ||    31
Dodge: Dodged            |    59 |    21 ||    80
